Map: Orbital Shipyard

Players

sOs - Winner!

  • Race: Protoss Protoss

ByuN

  • Race: Terran Terran

Event: IEM Season 10 - Taipei

VOD

Have the link to the VOD?

Description

Time

  • Played on: Feb. 2, 2016, 1:42 a.m.
  • Length: 6:52

All games in this series

Show
View Real Time Build Order
Export as new Build Order

sOs Protoss - Winner!

Build Orders: 1 Gate Expand 

Get SALT Encoding   

  12  0:00  Probe (Chrono Boost)  
  13  0:11  Probe (Chrono Boost)  
  14  0:17  Pylon  
  14  0:22  Probe (Chrono Boost)  
  15  0:36  Probe (Chrono Boost)  
  15  0:37  Gateway  
  16  0:46  Probe (Chrono Boost)  
  16  0:48  Assimilator  
  18  0:57  Probe (Chrono Boost)  
  18  1:07  Probe (Chrono Boost)  
  19  1:20  Nexus  
  19  1:22  Probe (Chrono Boost)  
  20  1:32  Cybernetics Core  
  20  1:35  Probe (Chrono Boost)  
  20  1:39  Assimilator  
  21  1:45  Probe (Chrono Boost)  
  22  1:49  Pylon  
  22  1:56  Probe (Chrono Boost)  
  23  2:03  Pylon  
  23  2:09  Adept (Chrono Boost)  
  23  2:10  Warp Gate  
  23  2:13  Probe  
  26  2:26  Robotics Facility  
  26  2:29  Probe  
  27  2:36  Adept (Chrono Boost)  
  29  2:39  Probe  
  29  2:42  Probe (Chrono Boost)  
  31  2:51  Probe (Chrono Boost)  
  31  2:55  Probe (Chrono Boost)  
  33  3:00  Adept  
  35  3:12  Warp Prism (Chrono Boost)  
  35  3:16  Mothership Core  
  35  3:19  Gateway  
  39  3:30  Gateway  
  39  3:34  Probe  
  40  3:45  Immortal (Chrono Boost)  
  40  3:47  Gateway  
  44  3:53  Probe  
  44  3:55  Probe  
  46  3:59  Pylon  
  46  4:07  Probe  
  46  4:08  Probe  
  48  4:20  Immortal (Chrono Boost)  
  52  4:25  Stalker x2  
  56  4:33  Pylon  
  54  4:43  Stalker x2  
  58  4:51  Adept x2  
  62  4:56  Pylon  
  57  5:07  Adept  
  57  5:08  Adept  
  57  5:12  Adept  
  64  5:14  Observer (Chrono Boost)  
  64  5:15  Adept  
  55  5:35  Stalker x2  
  55  5:44  Adept x2  
  55  5:48  Observer, Probe x2  
  62  5:58  Stalker x2  
  66  6:04  Probe x2  
  66  6:18  Stalker  
  68  6:19  Stalker  
  68  6:26  Probe x2 (Chrono Boost)  
  68  6:40  Probe x2 (Chrono Boost)  
Show
View Real Time Build Order
Export as new Build Order

ByuN Terran 

Build Orders: Reaper Expand 

Get SALT Encoding   

  12  0:00  SCV  
  13  0:12  SCV  
  14  0:17  Supply Depot  
  14  0:25  SCV  
  15  0:39  SCV  
  15  0:40  Barracks  
  15  0:42  Refinery  
  16  0:51  SCV  
  17  1:03  SCV  
  18  1:15  SCV  
  19  1:28  Orbital Command  
  19  1:30  Reaper  
  20  1:42  Command Center  
  20  1:50  Supply Depot  
  20  1:53  SCV  
  21  2:02  Barracks Reactor  
  21  2:05  SCV  
  22  2:17  SCV  
  22  2:20  Factory  
  23  2:29  SCV  
  24  2:37  Marine  
  24  2:38  Marine  
  24  2:41  SCV  
  27  2:51  Command Center  
  27  2:55  Marine  
  27  2:56  Orbital Command, Marine  
  29  3:05  Starport  
  29  3:08  SCV  
  30  3:13  Marine  
  30  3:14  Marine  
  32  3:20  Refinery, SCV  
  32  3:22  SCV  
  34  3:32  SCV  
  34  3:34  SCV  
  34  3:37  Marine x2  
  34  3:38  Widow Mine  
  39  3:44  Medivac, SCV  
  39  3:46  SCV  
  43  3:55  Marine x2  
  44  3:56  Supply Depot, SCV  
  47  4:02  SCV  
  47  4:06  Widow Mine  
  47  4:07  Liberator  
  47  4:08  SCV  
  47  4:09  Supply Depot  
  51  4:11  Orbital Command  
  51  4:16  Marine x2  
  51  4:20  Bunker  
  52  4:34  Marine x2  
  52  4:35  SCV  
  52  4:36  SCV  
  56  4:44  Widow Mine  
  58  4:51  Supply Depot  
  58  4:52  Marine x2  
  56  5:05  SCV  
  52  5:10  Marine x2  
  52  5:14  SCV x2  
  49  5:23  SCV  
  49  5:26  SCV  
  49  5:27  SCV  
  45  5:35  Liberator, SCV  
  38  5:38  SCV  
  21  5:59  Widow Mine  
  23  6:30  Barracks Reactor  

Tags
 
Add a new tag
Caveats
  • Supply blocks, unpowered buildings, or Contaminate may cause inaccurate times.
  • Supply counts are checked every 10 seconds.